 Dungeon Crawl Stone Soup version 0.29.1-15-g9cfb28693d (webtiles) character file.

Game seed: 14538314204785564738

10614 sphericalcow the Nimble (level 11, -2/145 HPs)
             Began as a Red Draconian Berserker on Mar 14, 2023.
             Was a Priest of Trog.
             Killed from afar by a hellion (34 damage)
             ... with damnation
             ... on level 1 of the Abyss.
             The game lasted 00:29:43 (8774 turns).

sphericalcow the Nimble (Red Draconian Berserker)   Turns: 8774, Time: 00:29:43

Health: -2/145     AC: 17    Str: 24    XL:     11   Next: 38%
Magic:  11/11      EV: 19    Int:  8    God:    Trog [***...]
Gold:   646        SH:  0    Dex: 16    Spells: 10/10 levels left

rFire   + . .      SeeInvis .   z - +1 battleaxe
rCold   . . .      Faith    .   (shield currently unavailable)
rNeg    . . .      Spirit   .   (body armour unavailable)
rPois   .          Reflect  .   (helmet restricted)
rElec   .          Harm     .   t - +2 cloak
rCorr   .          Rampage  .   (no gloves)
Will    +....                   b - +2 pair of boots
Stlth   ..........              p - amulet of regeneration
HPRegen 1.14/turn               j - +4 ring of protection
MPRegen 0.12/turn               q - +6 ring of dexterity

@: mighty, berserking, studying 2 skills, very quick
A: breathe fire, AC +7, unfitting armour, fire resistance 1, cold-blooded, claws
1, stinger 1, strong-willed 1
a: Breathe Fire, Renounce Religion, Berserk, Trog's Hand


You were on level 1 of the Abyss.
You worshipped Trog.
Trog was most pleased with you.
You visited 2 branches of the dungeon, and saw 10 of its levels.
You visited the Abyss 1 time.
You also visited: Sewer and Ossuary.

You collected 646 gold pieces.

Inventory:

Hand Weapons
 o - a +1 scythe of draining
 s - a +6 quarterstaff of chaos
 z - a +1 battleaxe (weapon)
Armour
 b - a +2 pair of boots (worn)
 t - a +2 cloak (worn)
Jewellery
 j - a +4 ring of protection (left claw)
 p - an amulet of regeneration (around neck)
 q - a +6 ring of dexterity (right claw)
Wands
 g - a wand of charming (18)
 l - a wand of digging (6)
 u - a wand of flame (26)
Scrolls
 a - 2 scrolls of blinking
 d - 2 scrolls of enchant armour
 e - a scroll of fear
 f - a scroll of teleportation
 r - a scroll of torment {unknown}
 v - a scroll of enchant weapon
 w - 2 scrolls of butterflies
 x - 2 scrolls of identify
 y - a scroll of summoning
Potions
 c - 3 potions of might
 h - 2 potions of curing
 i - a potion of cancellation
 k - a potion of haste
 m - 2 potions of invisibility
 n - 6 potions of flight


   Skills:
 + Level 9.5 Fighting
 * Level 4.1(9.1) Axes
 - Level 3.3(5.7) Maces & Flails
 - Level 12.1(12.9) Polearms
 - Level 5.7(10.0) Staves
 * Level 12.7 Dodging


You had 10 spell levels left.
You didn't know any spells.
Your spell library was empty.

Dungeon Overview and Level Annotations

Branches:
Dungeon (9/15)             Temple (0/1) D:4            Lair (1/5) D:8
  Sewer (visited)         Ossuary (visited)
    Orc: D:9-12

Altars:
Cheibriados
Fedhas
Kikubaaqudgha
Nemelex Xobeh
Ru
Trog
Vehumet
Wu Jian
Xom
Zin

Shops:
D:2 *   D:4 [*=*   D:8 *

Annotations:
D:9 Erolcha


Innate Abilities, Weirdness & Mutations

You can breathe blasts of fire.
Your fiery red scales are hard. (AC +7)
You cannot fit into any form of body armour.
Your flesh is heat resistant. (rF+)
You are cold-blooded and may be slowed by cold attacks.
You have sharp fingernails.
Your tail ends in a venomous barb.
You are strong-willed. (Will+)


Message History

The apocalypse crab is engulfed in seething chaos.
The apocalypse crab seems to slow down.
The apocalypse crab closely misses you. The apocalypse crab misses you.
You strike the helpless apocalypse crab from behind!
You slice the apocalypse crab!!
You kill the apocalypse crab!
Trog accepts your kill.
You slash the hellion! The hellion gestures at you.
The sphere of damnation explodes!
The damnation engulfs you!
The damnation engulfs the hellion.
The hellion completely resists.
You slash the hellion! You tail-slap the hellion.
The hellion is heavily wounded.
The hellion gestures at you.
The sphere of damnation explodes!
The damnation engulfs you!
The damnation engulfs the hellion.
The hellion completely resists.
The hellion gestures at you.
The sphere of damnation explodes!
The damnation engulfs you!!
* * * LOW HITPOINT WARNING * * *
The damnation engulfs the hellion.
The hellion completely resists.
A red film seems to cover your vision as you go berserk!
You feel yourself moving faster!
You feel mighty!
The hellion hits you but does no damage.
You barely miss the hellion. You tail-slap the hellion.
The hellion is severely wounded.
The hellion hits you but does no damage.
You closely miss the hellion. You tail-slap the hellion.
The hellion is poisoned.
The hellion is severely wounded.
A small abomination comes into view.
The hellion hits you but does no damage.
You barely miss the hellion.
The hellion is severely wounded.
The hellion hits you.
* * * LOW HITPOINT WARNING * * *
You barely miss the hellion.
The hellion is severely wounded.
The hellion gestures at you.
The sphere of damnation explodes!
The damnation engulfs you!!
You die...

..# ..# #.. #.#
.# .. ..# ..
.##.# #.##...###
. #...#...# .#
###...#.## #.##
#....@2..###.....
...#..†#...#.
....
#...#.§#.....#
#.# ## #.##
####...#.# .. #.
. . #..
.#....#.#.# ..
.##.#....#.# #..
... #...#...#..#
.....# .. #....
#.## . ## #
##....#..# . . #


You could see a hellion (poisoned).

Vanquished Creatures
  2 two-headed ogres (D:8)
  Joseph (D:9)
  An apocalypse crab (Abyss:1)
  A cane toad (Lair:1)
  Psyche (D:9)
  Maggie (D:6)
  4 blink frogs (Lair:1)
  5 slime creatures (D:9)
  Sigmund (D:2)
  A wyvern (D:6)
  7 yaks
  A steam dragon (D:8)
  A water moccasin (D:5)
  Duvessa (D:7)
  3 orc warriors
  5 sky beasts
  6 black bears
  4 ogres
  3 centaurs
  A phantom (D:6)
  4 bullfrogs
  2 scorpions
  4 wights (D:8)
  Dowan (D:7)
  15 killer bees
  A howler monkey (D:6)
  2 centaur zombies (Ossuary)
  3 hounds
  Crazy Yiuf (D:3)
  2 jellies
  A gnoll bouda (D:7)
  4 orc priests
  4 iguanas
  Jessica (D:2)
  Terence (D:2)
  6 orc wizards
  6 mummies (Ossuary)
  17 adders
  14 gnolls
  7 river rats
  2 white imps
  3 ufetubi
  6 worms
  3 dart slugs
  22 orcs
  10 endoplasms
  5 giant cockroaches
  12 goblins
  6 hobgoblins
  4 jackals
  3 quokkas
  16 ball pythons
  9 bats
  2 frilled lizards (D:1)
  A goblin zombie (D:7)
  3 hobgoblin zombies (Ossuary)
  5 kobolds
  6 rats
  A rat zombie (D:7)
265 creatures vanquished.

Vanquished Creatures (collateral kills)
  A gnoll sergeant (D:9)
  5 killer bees (D:9)
  A gnoll (D:9)
7 creatures vanquished.

Vanquished Creatures (others)
  2 fungi (Lair:1)
  11 plants
13 creatures vanquished.

Grand Total: 285 creatures vanquished

Notes
Turn   | Place    | Note
-------+----------+-------------------------------------------
     0 | D:1      | sphericalcow the Draconian Berserker began the quest for
                  | the Orb.
     0 | D:1      | Reached XP level 1. HP: 19/19 MP: 1/1
   619 | D:1      | Reached XP level 2. HP: 26/26 MP: 2/2
   689 | D:1      | Found a faded altar of an unknown god.
   763 | D:1      | Reached ** piety under Trog
   985 | D:2      | Noticed Sigmund
   985 | D:2      | Noticed Jessica
  1163 | D:2      | Reached skill level 1 in Axes
  1241 | D:2      | Reached XP level 3. HP: 31/31 MP: 3/3
  1242 | D:2      | Found Dunaurol's Assorted Antiques.
  1249 | D:2      | Killed Jessica
  1253 | D:2      | Reached XP level 4. HP: 36/40 MP: 4/4
  1324 | D:2      | Killed Sigmund
  1325 | D:2      | Reached XP level 5. HP: 46/46 MP: 5/5
  1347 | D:2      | Noticed Terence
  1354 | D:2      | Killed Terence
  1463 | D:2      | Reached XP level 6. HP: 50/52 MP: 6/6
  1506 | D:2      | Found a snail-covered altar of Cheibriados.
  2077 | D:3      | Found a runed translucent door.
  2078 | D:3      | Noticed Crazy Yiuf
  2084 | D:3      | Killed Crazy Yiuf
  2085 | D:3      | Reached skill level 1 in Polearms
  2385 | D:3      | Reached skill level 1 in Staves
  2814 | D:4      | Reached skill level 5 in Dodging
  2817 | D:4      | Reached *** piety under Trog
  2852 | D:4      | Your scales start taking on a fiery red colour.
  2852 | D:4      | Reached XP level 7. HP: 23/60 MP: 7/7
  2852 | D:4      | Gained mutation: Your flesh is heat resistant. (rF+) [Red
                  | Draconian growth]
  2909 | D:4      | Reached skill level 5 in Fighting
  3020 | D:4      | Found Ofraut's Assorted Antiques.
  3210 | D:4      | Found an ornate altar of the Wu Jian Council.
  3247 | D:4      | Found Ytatz's Armour Shoppe.
  3329 | D:4      | Found Bimaurph's Jewellery Boutique.
  3332 | D:4      | Identified the +4 short sword "Uluca" {venom, Str+8}
  3370 | D:4      | Found Essuoluv's Assorted Antiques.
  3513 | D:4      | Found a bloodstained altar of Trog.
  3593 | D:4      | Found a staircase to the Ecumenical Temple.
  3748 | D:5      | Entered Level 5 of the Dungeon
  3787 | D:5      | Reached XP level 8. HP: 69/69 MP: 8/8
  3805 | D:5      | Found the +1 cloak of Starlight {*Dazzle EV+4 Stlth--}
  3875 | D:5      | Found a glowing drain.
  3883 | Sewer    | Entered a sewer
  4008 | Sewer    | Reached **** piety under Trog
  4686 | D:5      | Reached skill level 5 in Staves
  5230 | D:5      | Found a glowing silver altar of Zin.
  5495 | D:6      | Reached XP level 9. HP: 68/78 MP: 9/9
  5594 | D:6      | Noticed Maggie
  5603 | D:6      | Killed Maggie
  5659 | D:6      | Reached skill level 5 in Polearms
  5816 | D:6      | Found a radiant altar of Vehumet.
  6340 | D:6      | Found an ancient bone altar of Kikubaaqudgha.
  6344 | D:6      | Found a sparkling altar of Nemelex Xobeh.
  6420 | D:7      | Found a sand-covered staircase.
  6428 | Ossuary  | Entered an ossuary
  6487 | Ossuary  | Reached ***** piety under Trog
  6748 | D:7      | Noticed Duvessa
  6749 | D:7      | Noticed Dowan
  6755 | D:7      | Killed Duvessa
  6759 | D:7      | Killed Dowan
  6797 | D:7      | Received a gift from Trog
  6798 | D:7      | Reached XP level 10. HP: 35/88 MP: 10/10
  7167 | D:8      | Noticed a two-headed ogre
  7175 | D:8      | Killed a two-headed ogre
  7242 | D:8      | Reached skill level 10 in Dodging
  7248 | D:8      | Found a blossoming altar of Fedhas.
  7345 | D:8      | Found a staircase to the Lair.
  7433 | D:8      | Found a sacrificial altar of Ru.
  7465 | D:8      | Found a shimmering altar of Xom.
  7509 | D:8      | Noticed a two-headed ogre
  7533 | D:8      | HP: 3/135 [two-headed ogre/+0 giant club (15)]
  7534 | D:8      | Killed a two-headed ogre
  7535 | D:8      | Reached skill level 10 in Polearms
  7649 | D:8      | Found Paotosuu's General Store.
  8032 | Lair:1   | Entered Level 1 of the Lair of Beasts
  8032 | Lair:1   | Noticed a cane toad
  8043 | Lair:1   | Killed a cane toad
  8092 | Lair:1   | Reached XP level 11. HP: 69/97 MP: 11/11
  8107 | Lair:1   | Noticed a six-headed hydra
  8273 | D:9      | Noticed Joseph
  8291 | D:9      | Killed Joseph
  8375 | D:9      | Noticed Psyche
  8391 | D:9      | Killed Psyche
  8533 | D:9      | Noticed Erolcha
  8653 | D:9      | Gained mutation: Your tail ends in a venomous barb. [potion
                  | of mutation]
  8653 | D:9      | Gained mutation: You have sharp fingernails. [potion of
                  | mutation]
  8653 | D:9      | Gained mutation: You are strong-willed. (Will+) [potion of
                  | mutation]
  8676 | Abyss:1  | Found a corrupted altar of Lugonu.
  8676 | Abyss:1  | Cast into level 1 of the Abyss (Erolcha)
  8774 | Abyss:1  | Killed from afar by a hellion

Illustrated notes

Levels and vault maps discovered:
D:1:      dpeg_arrival_circle_labyrinth_c, layout_loops_ring,
          hellmonk_ecumenical_altar_leap_of_faith, hex_tiny, minmay_liquid_box,
          minmay_tetromino_o4
D:2:      layout_rooms, serial_shops, nicolae_shop_overgrown_old_shop,
          basic_altar, kennysheep_generic_room_9, uniq_sigmund, uniq_terence,
          uniq_jessica
D:3:      layout_loops_corners, dk_noncrumbling_2, st_stairs_4,
          kennysheep_generic_room_4, uniq_crazy_yiuf_cottage
D:4:      minmay_evil_eye, layout_cave_pods, nzn_wu_jian_council_hall,
          trog_ov_bears_minmay, minmay_temple_entry_butterflies, serial_shops,
          shop, shop, nicolae_shop_hallway_stairs, kennysheep_mini,
          guppyfry_early_lair_pool
D:5:      layout_loops_ring, zin_scriptorium, lightli_sewer_entry_pipes
D:6:      layout_basic, mainiacjoe_overflow_alcove_2, minitemple,
          kennysheep_minor_cross, st_stairs_4, uniq_maggie
D:7:      layout_rooms, enter_ossuary_4, uniq_duvessa
D:8:      layout_loops_ring, mainiacjoe_overflow_two_lobes,
          fedhas_ov_isle_minmay, lair_entry_dummy, serial_shops,
          nicolae_shop_crystal
D:9:      layout_long_grid, uniq_erolcha, uniq_joseph, uniq_psyche
Lair:1:   layout_loops_ring, minmay_lair_oklob_items, worms_lemuel
Abyss:1:  base:
D:3

Skill      XL: |  1  2  3  4  5  6  7  8  9 10 11 |
---------------+----------------------------------+-----
Dodging        | 3 4 5 6 7 9 11 12 | 12.7
Axes           | 1 3 4 |  4.1
Fighting       | 4 5 6 7 9 |  9.5
Polearms       | 1 2 8 11 12 | 12.1
Staves         | 2 3 5 |  5.7
Maces & Flails | |  3.3

Action                   |  1- 3 |  4- 6 |  7- 9 | 10-12 || total
-------------------------+-------+-------+-------+-------++-------
Melee: Mace              |    24 |       |       |       ||    24
       Tailslap          |     9 |    11 |    47 |    45 ||   112
       Hand axe          |    37 |    15 |       |       ||    52
       Halberd           |       |    21 |   217 |   195 ||   433
       Quarterstaff      |       |    48 |   205 |       ||   253
       Battleaxe         |       |       |       |    50 ||    50
Invok: Berserk           |       |     2 |     2 |     2 ||     6
       Trog's Hand       |       |       |       |     5 ||     5
       Brothers in Arms  |       |       |       |     2 ||     2
 Abil: Breathe Fire      |       |       |     2 |       ||     2
Evoke: Wand              |       |       |     1 |       ||     1
  Use: Scroll            |       |     9 |    15 |       ||    24
       Potion            |       |       |     1 |    13 ||    14
 Stab: Sleeping          |       |       |     2 |     2 ||     4
       Invisible         |       |       |       |     3 ||     3
       Petrifying        |       |       |       |     1 ||     1
Armor: Skin              |    32 |    35 |   274 |   132 ||   473
Dodge: Dodged            |    56 |    81 |   493 |   447 ||  1077
